Arizona Coyotes vs Vegas Golden Knights
Created - Monday, November 18, 2024 at 08:49
Goals
|
| Arizona Coyotes |
1 |
1 |
0 |
1 |
3 |
| Vegas Golden Knights |
0 |
1 |
1 |
0 |
2 |
|
Shots
|
| Arizona Coyotes |
12 |
14 |
4 |
1 |
31 |
| Vegas Golden Knights |
17 |
9 |
6 |
1 |
33 |
|
1st period
1. Arizona Coyotes , Tyler Seguin 29 (Zach Parise 12, Erik Haula 26) at 18:34
Penalties :
Tyler Bertuzzi (VGK) for Cross-checking (Minor) at 19:52
2nd period
2. Arizona Coyotes , Zach Parise 6 (Tyler Seguin 32, Erik Haula 27) at 16:26
3. Vegas Golden Knights , Bryan Rust 27 (Auston Matthews 49) at 17:21
Penalties :
Radko Gudas (AZC) for Holding (Minor) at 5:58, John Marino (VGK) for Interference (Minor) at 12:56, Jani Hakanpaa (AZC) for Roughing (Minor) at 19:37
3rd period
4. Vegas Golden Knights , Sean Couturier 26 (Roman Josi 34) at 5:08
Penalties :
Tyler Bertuzzi (VGK) for Holding (Minor) at 5:23, Radko Gudas (AZC) for Roughing (Minor) at 15:20
Overtime #1
5. Arizona Coyotes , Mason McTavish 22 (Mats Zuccarello 42, Jared Spurgeon 25) at 1:56
Penalties :
No Penalty
Goalie Stats
Petr Mrazek (AZC), 31 saves from 33 shots - (0.939), W, 26-27-6, 61:56 minutes
Cayden Primeau (VGK), 28 saves from 31 shots - (0.903), OTL, 26-6-6, 61:56 minutes
Players Stats for Arizona Coyotes
Player Name G A P +/- PIM S H SB GA TA FO MP PP MP PK MP
------------------------------------------------------------------------------------
Brandon Tanev 0 0 0 0 0 2 2 1 0 0 0/1 15:14 3:06 0:59
Brayden McNabb 0 0 0 0 0 0 2 0 0 2 0/0 22:04 2:30 3:10
Charlie Coyle 0 0 0 -1 0 1 1 0 2 0 6/15 20:46 2:51 2:05
Erik Haula 0 2 2 2 0 1 2 0 0 0 5/11 16:12 3:06 0:00
Jakob Silfverberg 0 0 0 -1 0 0 0 0 0 0 0/1 9:50 0:00 0:56
Jani Hakanpaa 0 0 0 0 2 1 0 0 0 1 0/0 23:17 3:27 0:47
Jared Spurgeon 0 1 1 0 0 0 0 1 0 1 0/0 24:55 3:27 2:02
Johnathan Kovacevic 0 0 0 1 0 0 0 1 0 0 0/0 16:32 0:00 2:46
Mark Jankowski 0 0 0 -1 0 1 0 0 0 0 2/4 8:18 0:00 0:07
Mason McTavish 1 0 1 0 0 2 2 1 0 0 3/9 22:02 3:06 1:53
Mats Zuccarello 0 1 1 0 0 5 1 0 2 0 2/6 21:54 2:51 1:53
Matt Dumba 0 0 0 1 0 0 0 0 0 0 0/0 16:17 0:00 2:09
Ondrej Palat 0 0 0 -1 0 2 0 1 2 0 0/0 8:21 0:00 0:00
Radko Gudas 0 0 0 0 4 1 3 0 0 0 0/0 20:02 2:30 0:44
Ross Colton 0 0 0 0 0 3 1 0 1 0 3/5 11:25 0:00 0:00
Ryan Donato 0 0 0 0 0 1 0 0 1 0 0/0 12:08 0:00 1:03
Tyler Seguin 1 1 2 2 0 7 3 0 0 0 2/3 19:19 2:51 3:14
Zach Parise 1 1 2 2 0 4 1 1 0 0 0/1 13:08 0:00 0:00
Players Stats for Vegas Golden Knights
Player Name G A P +/- PIM S H SB GA TA FO MP PP MP PK MP
------------------------------------------------------------------------------------
Auston Matthews 0 1 1 0 0 5 0 0 0 1 13/18 18:14 2:51 0:00
Bryan Rust 1 0 1 0 0 5 2 0 0 0 1/2 17:53 2:53 0:00
Curtis Lazar 0 0 0 0 0 1 2 2 1 1 0/0 10:15 0:00 0:00
Danton Heinen 0 0 0 0 0 1 1 1 1 0 2/6 18:38 2:27 0:00
John Marino 0 0 0 -1 2 2 0 1 0 1 0/0 21:37 1:51 1:50
Jordan Staal 0 0 0 1 0 1 3 0 0 0 1/2 14:35 0:18 3:09
Marc-Edouard Vlasic 0 0 0 0 0 0 0 0 0 0 0/0 20:38 0:45 3:26
Pierre-edouard Bellemare 0 0 0 0 0 1 2 0 0 0 4/8 12:07 0:00 2:48
Reilly Smith 0 0 0 0 0 2 0 0 0 1 0/0 17:26 2:53 0:00
Roman Josi 0 1 1 0 0 2 2 0 0 2 0/0 19:02 3:21 0:00
Ryan Graves 0 0 0 0 0 1 1 1 0 0 0/0 23:29 3:21 3:19
Sean Couturier 1 0 1 1 0 1 2 1 0 0 9/11 14:00 0:00 3:09
Sean Monahan 0 0 0 -1 0 2 0 0 1 1 2/7 5:31 0:00 0:00
Thomas Chabot 0 0 0 0 0 1 1 0 0 0 0/0 22:00 2:36 3:19
Travis Hamonic 0 0 0 -1 0 2 1 2 0 0 0/0 17:08 0:00 0:00
Trevor Lewis 0 0 0 0 0 2 1 0 0 0 0/0 14:46 0:21 2:48
Tyler Bertuzzi 0 0 0 -1 4 1 1 0 0 1 0/1 16:29 3:04 0:00
Tyler Toffoli 0 0 0 -2 0 3 2 0 1 0 1/1 17:56 3:04 0:00
3 Stars
1 - Tyler Seguin (AZC)
2 - Zach Parise (AZC)
3 - Erik Haula (AZC)
Power Play
Arizona Coyotes - 0 on 3 Attempt(s) - 0.00%
Vegas Golden Knights - 0 on 3 Attempt(s) - 0.00%
Penalty Kill
Arizona Coyotes - 3 on 3 Attempt(s) - 100.00%
- Score 0 goal in Penalty Kill
Vegas Golden Knights - 3 on 3 Attempt(s) - 100.00%
- Score 0 goal in Penalty Kill
Team Stat
Arizona Coyotes - Hits : 18 - Faceoff Wins : 23 - Blocked Shots : 6 - Penalty Minutes : 6
Vegas Golden Knights - Hits : 21 - Faceoff Wins : 33 - Blocked Shots : 8 - Penalty Minutes : 6
Official
Referees : Justin St. Pierre and Peter Macdougall
Linesman : Unknown
Game Notes
Sean Monahan is injured at 19:04 of 1st period (Left Leg)
15:28 of 2nd period - Vegas Golden Knights goal is going for a video replay. After video review, No Goal. The puck has been directed, batted or thrown into the net by an attacking player other than with a stick.
Finance
Level 1 -- Attendance: 5853 (97.55%) -- Ticket Income $556,035
Level 2 -- Attendance: 5000 (100.00%) -- Ticket Income $275,000
Level 3 -- Attendance: 2748 (91.60%) -- Ticket Income $82,440
Level 4 -- Attendance: 5000 (100.00%) -- Ticket Income $100,000
Luxury Box -- Attendance: 991 (99.10%) -- Ticket Income $188,290
Game was played at the T-Mobile Arena.
Total Attendance: 19592 (97.96%)
Total Ticket Income: $1,201,765
Other Income: $420,618
Total Income: $1,622,383
Arizona Coyotes
5 vs 5 Forward
Center Left Wing Right Wing Time % Phy DF OF
1 Charlie Coyle Mason McTavish Mats Zuccarello 30 1 2 2
2 Erik Haula Zach Parise Tyler Seguin 30 1 2 2
3 Ross Colton Brandon Tanev Ryan Donato 25 1 2 2
4 Mark Jankowski Jakob Silfverberg Ondrej Palat 15 1 2 2
5 vs 5 Defense
Defense Defense Time % Phy DF OF
1 Jared Spurgeon Jani Hakanpaa 35 1 2 2
2 Radko Gudas Brayden McNabb 35 1 2 2
3 Matt Dumba Johnathan Kovacevic 30 1 2 2
4 Jared Spurgeon Jani Hakanpaa 0 1 2 2
PowerPlay Forward
Center Left Wing Right Wing Time % Phy DF OF
1 Charlie Coyle Mats Zuccarello Tyler Seguin 50 1 2 2
2 Mason McTavish Erik Haula Brandon Tanev 50 1 2 2
PowerPlay Defense
Defense Defense Time % Phy DF OF
1 Jared Spurgeon Jani Hakanpaa 50 1 2 2
2 Radko Gudas Brayden McNabb 50 1 2 2
Penalty Kill 4 Players Forward
Center Wing Time % Phy DF OF
1 Charlie Coyle Tyler Seguin 50 1 2 2
2 Mats Zuccarello Mason McTavish 50 1 2 2
Penalty Kill 4 Players Defense
Defense Defense Time % Phy DF OF
1 Jared Spurgeon Jani Hakanpaa 50 1 2 2
2 Radko Gudas Brayden McNabb 50 1 2 2
Penalty Kill - 3 Players Forward
Forward Time % Phy DF OF
1 Charlie Coyle 50 1 2 2
2 Tyler Seguin 50 1 2 2
Penalty Kill - 3 Players Defense
Defense Defense Time % Phy DF OF
1 Jared Spurgeon Jani Hakanpaa 50 1 2 2
2 Radko Gudas Brayden McNabb 50 1 2 2
4 vs 4 Forward
Center Wing Time % Phy DF OF
1 Charlie Coyle Tyler Seguin 50 1 2 2
2 Mats Zuccarello Mason McTavish 50 1 2 2
4 vs 4 Defense
Defense Defense Time % Phy DF OF
1 Jared Spurgeon Jani Hakanpaa 50 1 2 2
2 Radko Gudas Brayden McNabb 50 1 2 2
Last Minutes Offensive
Center Left Wing Right Wing Defense Defense
Charlie Coyle Mats Zuccarello Tyler Seguin Jared Spurgeon Jani Hakanpaa
Last Minutes Defensive
Center Left Wing Right Wing Defense Defense
Charlie Coyle Mats Zuccarello Tyler Seguin Jared Spurgeon Jani Hakanpaa
Goaltenders
Starting : Petr Mrazek
Backup : Carter Hart
Extra Forwards
Normal : Ross Colton, Ryan Donato, Jakob Silfverberg - PP : Ross Colton, Ryan Donato - PK : Jakob Silfverberg
Extra Defensemen
Normal : Matt Dumba, Johnathan Kovacevic, Radko Gudas - PP : Matt Dumba - PK : Johnathan Kovacevic, Radko Gudas
Penalty Shots
Charlie Coyle, Tyler Seguin, Mats Zuccarello, Mason McTavish, Erik Haula
Scratches
Jayden Struble (Healthy), Anthony Deangelo (Healthy), Scott Reedy (Healthy), Elvis Merzlikins (Healthy)
Vegas Golden Knights
5 vs 5 Forward
Center Left Wing Right Wing Time % Phy DF OF
1 Auston Matthews Bryan Rust Reilly Smith 30 1 2 2
2 Sean Monahan Tyler Toffoli Tyler Bertuzzi 30 1 2 2
3 Sean Couturier Jordan Staal Danton Heinen 25 1 2 2
4 Pierre-edouard Bellemare Curtis Lazar Trevor Lewis 15 1 2 2
5 vs 5 Defense
Defense Defense Time % Phy DF OF
1 Roman Josi Ryan Graves 35 1 2 2
2 Marc-Edouard Vlasic Thomas Chabot 35 1 2 2
3 John Marino Travis Hamonic 30 1 2 2
4 Roman Josi Ryan Graves 0 1 2 2
PowerPlay Forward
Center Left Wing Right Wing Time % Phy DF OF
1 Auston Matthews Bryan Rust Reilly Smith 50 1 2 2
2 Sean Monahan Tyler Toffoli Tyler Bertuzzi 50 1 2 2
PowerPlay Defense
Defense Defense Time % Phy DF OF
1 Roman Josi Ryan Graves 50 1 2 2
2 John Marino Thomas Chabot 50 1 2 2
Penalty Kill 4 Players Forward
Center Wing Time % Phy DF OF
1 Sean Couturier Jordan Staal 50 1 2 2
2 Pierre-edouard Bellemare Trevor Lewis 50 1 2 2
Penalty Kill 4 Players Defense
Defense Defense Time % Phy DF OF
1 John Marino Ryan Graves 50 1 2 2
2 Marc-Edouard Vlasic Thomas Chabot 50 1 2 2
Penalty Kill - 3 Players Forward
Forward Time % Phy DF OF
1 Jordan Staal 50 1 2 2
2 Sean Couturier 50 1 2 2
Penalty Kill - 3 Players Defense
Defense Defense Time % Phy DF OF
1 John Marino Ryan Graves 50 1 2 2
2 Marc-Edouard Vlasic Thomas Chabot 50 1 2 2
4 vs 4 Forward
Center Wing Time % Phy DF OF
1 Auston Matthews Bryan Rust 50 1 2 2
2 Sean Monahan Tyler Toffoli 50 1 2 2
4 vs 4 Defense
Defense Defense Time % Phy DF OF
1 Roman Josi Ryan Graves 50 1 2 2
2 Marc-Edouard Vlasic Thomas Chabot 50 1 2 2
Last Minutes Offensive
Center Left Wing Right Wing Defense Defense
Auston Matthews Bryan Rust Sean Monahan Roman Josi Thomas Chabot
Last Minutes Defensive
Center Left Wing Right Wing Defense Defense
Sean Couturier Jordan Staal Pierre-edouard Bellemare John Marino Ryan Graves
Goaltenders
Starting : Cayden Primeau
Backup : Alexandar Georgiev
Extra Forwards
Normal : Danton Heinen, Trevor Lewis, Curtis Lazar - PP : Danton Heinen, Trevor Lewis - PK : Curtis Lazar
Extra Defensemen
Normal : John Marino, Roman Josi, Marc-Edouard Vlasic - PP : John Marino - PK : John Marino, Thomas Chabot
Penalty Shots
Sean Monahan, Tyler Toffoli, Sean Couturier, Reilly Smith, Jordan Staal
Scratches
Maxime Comtois (Healthy), Shea Theodore (Bruised Right Arm Injury), Conor Sheary (Healthy)
% Time on Ice - Arizona Coyotes
Lines # - Real PCT - Wanted PCT - Time Play
Normal Forward
1 - 33% - 30% - 15:54
2 - 29% - 30% - 13:47
3 - 22% - 25% - 10:24
4 - 17% - 15% - 8:01
Normal Defense
1 - 36% - 35% - 17:14
2 - 35% - 35% - 16:51
3 - 28% - 30% - 13:31
4 - 1% - 0% - 0:30
PP Forward
1 - 48% - 50% - 2:51
2 - 52% - 50% - 3:06
PP Defense
1 - 58% - 50% - 3:27
2 - 42% - 50% - 2:30
PK Forward
1 - 68% - 50% - 4:04
2 - 32% - 50% - 1:53
PK Defense
1 - 34% - 50% - 2:02
2 - 66% - 50% - 3:55
PK3 Forward
1 - 0% - 50%
2 - 0% - 50%
PK3 Defense
1 - 0% - 50%
2 - 0% - 50%
44 Forward
1 - 17% - 50% - 0:20
2 - 83% - 50% - 1:36
44 Defense
1 - 81% - 50% - 1:34
2 - 19% - 50% - 0:22
Last Minute Offensive - 0:00
Last Minute Defensive - 0:00
Total
Forward - 61:56
Defense - 61:56
|
% Time on Ice - Vegas Golden Knights
Lines # - Real PCT - Wanted PCT - Time Play
Normal Forward
1 - 30% - 30% - 14:38
2 - 30% - 30% - 14:24
3 - 21% - 25% - 10:10
4 - 19% - 15% - 8:54
Normal Defense
1 - 33% - 35% - 15:39
2 - 32% - 35% - 15:19
3 - 36% - 30% - 17:08
4 - 0% - 0% - 0:00
PP Forward
1 - 43% - 50% - 2:35
2 - 57% - 50% - 3:22
PP Defense
1 - 56% - 50% - 3:21
2 - 44% - 50% - 2:36
PK Forward
1 - 53% - 50% - 3:09
2 - 47% - 50% - 2:48
PK Defense
1 - 56% - 50% - 3:19
2 - 44% - 50% - 2:38
PK3 Forward
1 - 0% - 50%
2 - 0% - 50%
PK3 Defense
1 - 0% - 50%
2 - 0% - 50%
44 Forward
1 - 18% - 50% - 0:21
2 - 82% - 50% - 1:35
44 Defense
1 - 60% - 50% - 1:10
2 - 40% - 50% - 0:46
Last Minute Offensive - 0:00
Last Minute Defensive - 0:00
Total
Forward - 61:56
Defense - 61:56
|
Play-by-Play
1st period
0:01 of 1st period - Auston Matthews wins face-off versus Charlie Coyle in neutral zone.
0:08 of 1st period - Snap shot by Auston Matthews.
0:08 of 1st period - Stopped by Petr Mrazek without a rebound.
0:09 of 1st period - Auston Matthews wins face-off versus Charlie Coyle in Arizona Coyotes zone.
1:26 of 1st period - Wrist shot by Auston Matthews.
1:26 of 1st period - Stopped by Petr Mrazek without a rebound.
1:27 of 1st period - Erik Haula wins face-off versus Sean Monahan in Arizona Coyotes zone.
1:27 of 1st period - Erik Haula is hit by Tyler Toffoli.
1:53 of 1st period - Brayden McNabb is hit by Pierre-edouard Bellemare and loses puck.
1:58 of 1st period - Snap shot by Curtis Lazar.
1:58 of 1st period - Stopped by Petr Mrazek with a rebound.
2:00 of 1st period - Wrist shot by Pierre-edouard Bellemare.
2:00 of 1st period - Stopped by Petr Mrazek with a rebound.
2:02 of 1st period - Slapshot by Travis Hamonic.
2:02 of 1st period - Stopped by Petr Mrazek with a rebound.
2:04 of 1st period - Wrist shot by Trevor Lewis.
2:04 of 1st period - Shot Misses the Net.
2:06 of 1st period - Snap shot by Pierre-edouard Bellemare.
2:06 of 1st period - Shot Misses the Net.
2:24 of 1st period - Wrist shot by Ross Colton.
2:24 of 1st period - Stopped by Cayden Primeau without a rebound.
2:25 of 1st period - Mark Jankowski wins face-off versus Sean Monahan in Vegas Golden Knights zone.
2:32 of 1st period - Wrist shot by Tyler Toffoli.
2:32 of 1st period - Stopped by Petr Mrazek with a rebound.
2:34 of 1st period - Snap shot by Tyler Toffoli.
2:34 of 1st period - Stopped by Petr Mrazek with a rebound.
2:36 of 1st period - Slapshot by Thomas Chabot.
2:36 of 1st period - Deflect By Matt Dumba.
2:36 of 1st period - Stopped by Petr Mrazek with a rebound.
2:40 of 1st period - Snap shot by Sean Monahan.
2:40 of 1st period - Stopped by Petr Mrazek without a rebound.
2:41 of 1st period - Ross Colton wins face-off versus Sean Couturier in Arizona Coyotes zone.
3:33 of 1st period - Wrist shot by Erik Haula.
3:33 of 1st period - Deflect By Tyler Seguin.
3:33 of 1st period - Stopped by Cayden Primeau with a rebound.
3:36 of 1st period - Icing by Marc-Edouard Vlasic.
3:37 of 1st period - Sean Monahan wins face-off versus Mark Jankowski in Vegas Golden Knights zone.
3:37 of 1st period - Sean Monahan is hit by Radko Gudas.
3:53 of 1st period - Snap shot by Ondrej Palat.
3:53 of 1st period - Stopped by Cayden Primeau with a rebound.
3:59 of 1st period - Wrist shot by Sean Monahan.
3:59 of 1st period - Shot Hit the Post.
4:22 of 1st period - Tyler Bertuzzi is hit by Radko Gudas and loses puck.
5:11 of 1st period - Snap shot by Ondrej Palat.
5:11 of 1st period - Shot Misses the Net.
6:06 of 1st period - Wrist shot by Trevor Lewis.
6:06 of 1st period - Stopped by Petr Mrazek without a rebound.
6:07 of 1st period - Pierre-edouard Bellemare wins face-off versus Erik Haula in Arizona Coyotes zone.
7:47 of 1st period - Wrist shot by Tyler Seguin.
7:47 of 1st period - Stopped by Cayden Primeau with a rebound.
7:49 of 1st period - Wrist shot by Tyler Seguin.
7:49 of 1st period - Shot Blocked by Curtis Lazar.
8:05 of 1st period - Wrist shot by Jordan Staal.
8:05 of 1st period - Shot Hit the Post.
8:07 of 1st period - Backhand shot by Jordan Staal.
8:07 of 1st period - Deflect By Danton Heinen.
8:07 of 1st period - Stopped by Petr Mrazek with a rebound.
8:09 of 1st period - Slapshot by John Marino.
8:09 of 1st period - Stopped by Petr Mrazek with a rebound.
8:11 of 1st period - Slapshot by Sean Couturier.
8:11 of 1st period - Deflect By Jordan Staal.
8:11 of 1st period - Stopped by Petr Mrazek without a rebound.
8:12 of 1st period - Tyler Seguin wins face-off versus Auston Matthews in Arizona Coyotes zone.
8:46 of 1st period - Snap shot by Ondrej Palat.
8:46 of 1st period - Stopped by Cayden Primeau with a rebound.
9:11 of 1st period - Off-side.
9:12 of 1st period - Sean Couturier wins face-off versus Zach Parise in neutral zone.
9:44 of 1st period - Snap shot by Sean Monahan.
9:44 of 1st period - Stopped by Petr Mrazek without a rebound.
9:45 of 1st period - Charlie Coyle wins face-off versus Sean Monahan in Arizona Coyotes zone.
10:22 of 1st period - Snap shot by Brandon Tanev.
10:22 of 1st period - Shot Blocked by Danton Heinen.
10:24 of 1st period - Slapshot by Jani Hakanpaa.
10:24 of 1st period - Shot Misses the Net.
10:45 of 1st period - Snap shot by Auston Matthews.
10:45 of 1st period - Stopped by Petr Mrazek without a rebound.
10:46 of 1st period - Charlie Coyle wins face-off versus Sean Monahan in Arizona Coyotes zone.
11:34 of 1st period - Reilly Smith is hit by Brandon Tanev and loses puck.
12:07 of 1st period - Slapshot by Roman Josi.
12:07 of 1st period - Shot Misses the Net.
12:56 of 1st period - Off-side.
12:57 of 1st period - Auston Matthews wins face-off versus Ross Colton in neutral zone.
13:19 of 1st period - Off-side.
13:20 of 1st period - Erik Haula wins face-off versus Sean Monahan in neutral zone.
13:54 of 1st period - Mats Zuccarello is hit by Thomas Chabot and loses puck.
15:20 of 1st period - Jared Spurgeon is hit by Sean Couturier and loses puck.
15:31 of 1st period - Wrist shot by Mark Jankowski.
15:31 of 1st period - Stopped by Cayden Primeau without a rebound.
15:32 of 1st period - Auston Matthews wins face-off versus Mark Jankowski in Vegas Golden Knights zone.
15:47 of 1st period - Snap shot by Mark Jankowski.
15:47 of 1st period - Shot Blocked by Ryan Graves.
16:21 of 1st period - Brayden McNabb is hit by Jordan Staal and loses puck.
16:36 of 1st period - Snap shot by Roman Josi.
16:36 of 1st period - Stopped by Petr Mrazek without a rebound.
16:37 of 1st period - Ross Colton wins face-off versus Pierre-edouard Bellemare in Arizona Coyotes zone.
16:49 of 1st period - Wrist shot by Ross Colton.
16:49 of 1st period - Stopped by Cayden Primeau without a rebound.
16:50 of 1st period - Sean Monahan wins face-off versus Erik Haula in Vegas Golden Knights zone.
16:50 of 1st period - Sean Monahan is hit by Radko Gudas.
17:02 of 1st period - Snap shot by Tyler Toffoli.
17:02 of 1st period - Stopped by Petr Mrazek with a rebound.
18:08 of 1st period - Snap shot by Mark Jankowski.
18:08 of 1st period - Shot Blocked by Travis Hamonic.
18:28 of 1st period - Snap shot by Tyler Seguin.
18:28 of 1st period - Stopped by Cayden Primeau with a rebound.
18:30 of 1st period - Snap shot by Zach Parise.
18:30 of 1st period - Stopped by Cayden Primeau with a rebound.
18:32 of 1st period - Snap shot by Zach Parise.
18:32 of 1st period - Stopped by Cayden Primeau with a rebound.
18:34 of 1st period - Snap shot by Tyler Seguin.
18:34 of 1st period - Goal by Tyler Seguin - Arizona Coyotes : 1 - Vegas Golden Knights : 0.
18:35 of 1st period - Auston Matthews wins face-off versus Mats Zuccarello in neutral zone.
19:03 of 1st period - Sean Monahan is hit by Tyler Seguin.
19:04 of 1st period - Sean Monahan from Vegas Golden Knights is injured at 19:04 of 1st period (Left Leg).
19:05 of 1st period - Erik Haula wins face-off versus Tyler Bertuzzi in Vegas Golden Knights zone.
19:06 of 1st period - Slapshot by Tyler Seguin.
19:06 of 1st period - Stopped by Cayden Primeau without a rebound.
19:07 of 1st period - Danton Heinen wins face-off versus Tyler Seguin in Vegas Golden Knights zone.
19:45 of 1st period - Marc-Edouard Vlasic is hit by Charlie Coyle and loses puck.
19:52 of 1st period - Minor Penalty to Tyler Bertuzzi for Cross-checking.
19:53 of 1st period - Sean Couturier wins face-off versus Charlie Coyle in Vegas Golden Knights zone.
Goals for this period are 1 for Arizona Coyotes vs 0 for Vegas Golden Knights.
Shots for this period are 12 for Arizona Coyotes vs 17 for Vegas Golden Knights.
2nd period
0:01 of 2nd period - Sean Couturier wins face-off versus Mason McTavish in neutral zone.
0:11 of 2nd period - Thomas Chabot is hit by Mason McTavish and loses puck.
0:58 of 2nd period - Snap shot by Mats Zuccarello.
0:58 of 2nd period - Stopped by Cayden Primeau with a rebound.
1:00 of 2nd period - Slapshot by Radko Gudas.
1:00 of 2nd period - Deflect By Ryan Graves.
1:00 of 2nd period - Stopped by Cayden Primeau without a rebound.
1:01 of 2nd period - Pierre-edouard Bellemare wins face-off versus Mason McTavish in Vegas Golden Knights zone.
1:52 of 2nd period - Penalty to Tyler Bertuzzi is over, Tyler Bertuzzi is back on ice.
2:21 of 2nd period - Snap shot by Ryan Donato.
2:21 of 2nd period - Deflect By Brandon Tanev.
2:21 of 2nd period - Stopped by Cayden Primeau with a rebound.
2:31 of 2nd period - Snap shot by Tyler Bertuzzi.
2:31 of 2nd period - Stopped by Petr Mrazek with a rebound.
2:33 of 2nd period - Snap shot by Danton Heinen.
2:33 of 2nd period - Shot Misses the Net.
2:35 of 2nd period - Snap shot by Danton Heinen.
2:35 of 2nd period - Shot Misses the Net.
2:47 of 2nd period - Snap shot by Danton Heinen.
2:47 of 2nd period - Shot Misses the Net.
3:17 of 2nd period - Brandon Tanev is hit by Trevor Lewis and loses puck.
4:12 of 2nd period - Tyler Seguin is hit by Jordan Staal and loses puck.
4:17 of 2nd period - Snap shot by Danton Heinen.
4:17 of 2nd period - Shot Misses the Net.
4:19 of 2nd period - Snap shot by Danton Heinen.
4:19 of 2nd period - Shot Blocked by Zach Parise.
5:06 of 2nd period - Snap shot by Trevor Lewis.
5:06 of 2nd period - Stopped by Petr Mrazek with a rebound.
5:18 of 2nd period - Slapshot by Erik Haula.
5:18 of 2nd period - Shot Blocked by Sean Couturier.
5:20 of 2nd period - Snap shot by Zach Parise.
5:20 of 2nd period - Stopped by Cayden Primeau with a rebound.
5:58 of 2nd period - Minor Penalty to Radko Gudas for Holding.
5:59 of 2nd period - Auston Matthews wins face-off versus Charlie Coyle in Arizona Coyotes zone.
7:15 of 2nd period - Icing by John Marino.
7:16 of 2nd period - Auston Matthews wins face-off versus Mats Zuccarello in Vegas Golden Knights zone.
7:43 of 2nd period - Matt Dumba is hit by Roman Josi and loses puck.
7:54 of 2nd period - Charlie Coyle is hit by Ryan Graves and loses puck.
7:58 of 2nd period - Penalty to Radko Gudas is over, Radko Gudas is back on ice.
8:09 of 2nd period - Snap shot by Ross Colton.
8:09 of 2nd period - Stopped by Cayden Primeau without a rebound.
8:10 of 2nd period - Ross Colton wins face-off versus Sean Couturier in Vegas Golden Knights zone.
8:17 of 2nd period - Wrist shot by Brandon Tanev.
8:17 of 2nd period - Shot Misses the Net.
8:33 of 2nd period - Snap shot by Ryan Donato.
8:33 of 2nd period - Stopped by Cayden Primeau without a rebound.
8:34 of 2nd period - Charlie Coyle wins face-off versus Auston Matthews in Vegas Golden Knights zone.
8:47 of 2nd period - Slapshot by Roman Josi.
8:47 of 2nd period - Shot Blocked by Mason McTavish.
9:06 of 2nd period - Snap shot by Tyler Seguin.
9:06 of 2nd period - Stopped by Cayden Primeau without a rebound.
9:07 of 2nd period - Sean Couturier wins face-off versus Charlie Coyle in Vegas Golden Knights zone.
9:34 of 2nd period - Jared Spurgeon is hit by Bryan Rust and loses puck.
9:50 of 2nd period - Roman Josi is hit by Ross Colton and loses puck.
9:59 of 2nd period - Ryan Donato is hit by Tyler Toffoli and loses puck.
11:06 of 2nd period - Jordan Staal is hit by Erik Haula and loses puck.
11:47 of 2nd period - Roman Josi is hit by Brandon Tanev and loses puck.
11:59 of 2nd period - Off-side.
12:00 of 2nd period - Auston Matthews wins face-off versus Erik Haula in neutral zone.
12:07 of 2nd period - Snap shot by Auston Matthews.
12:07 of 2nd period - Stopped by Petr Mrazek with a rebound.
12:09 of 2nd period - Slapshot by Travis Hamonic.
12:09 of 2nd period - Stopped by Petr Mrazek without a rebound.
12:10 of 2nd period - Sean Couturier wins face-off versus Erik Haula in Arizona Coyotes zone.
12:29 of 2nd period - Travis Hamonic is hit by Zach Parise and loses puck.
12:42 of 2nd period - Wrist shot by Mats Zuccarello.
12:42 of 2nd period - Shot Misses the Net.
12:44 of 2nd period - Wrist shot by Mats Zuccarello.
12:44 of 2nd period - Stopped by Cayden Primeau with a rebound.
12:46 of 2nd period - Wrist shot by Mats Zuccarello.
12:46 of 2nd period - Shot Blocked by Travis Hamonic.
12:48 of 2nd period - Wrist shot by Mats Zuccarello.
12:48 of 2nd period - Stopped by Cayden Primeau with a rebound.
12:50 of 2nd period - Slapshot by Brayden McNabb.
12:50 of 2nd period - Deflect By Mats Zuccarello.
12:50 of 2nd period - Stopped by Cayden Primeau with a rebound.
12:56 of 2nd period - Minor Penalty to John Marino for Interference.
12:57 of 2nd period - Mason McTavish wins face-off versus Pierre-edouard Bellemare in Vegas Golden Knights zone.
13:39 of 2nd period - Mats Zuccarello is hit by Pierre-edouard Bellemare and loses puck.
13:59 of 2nd period - Snap shot by Tyler Seguin.
13:59 of 2nd period - Stopped by Cayden Primeau without a rebound.
14:00 of 2nd period - Mason McTavish wins face-off versus Jordan Staal in Vegas Golden Knights zone.
14:13 of 2nd period - Wrist shot by Mason McTavish.
14:13 of 2nd period - Stopped by Cayden Primeau without a rebound.
14:14 of 2nd period - Pierre-edouard Bellemare wins face-off versus Mason McTavish in Vegas Golden Knights zone.
14:39 of 2nd period - Mats Zuccarello is hit by Sean Couturier and loses puck.
14:56 of 2nd period - Penalty to John Marino is over, John Marino is back on ice.
15:24 of 2nd period - Snap shot by Auston Matthews.
15:24 of 2nd period - Shot Misses the Net.
15:26 of 2nd period - Snap shot by Bryan Rust.
15:26 of 2nd period - Shot Blocked by Brandon Tanev.
15:28 of 2nd period - Wrist shot by Bryan Rust.
15:28 of 2nd period - Vegas Golden Knights goal is going for a video replay.
15:28 of 2nd period - The goal is refused. The puck has been directed, batted or thrown into the net by an attacking player other than with a stick..
15:29 of 2nd period - Erik Haula wins face-off versus Auston Matthews in Arizona Coyotes zone.
15:38 of 2nd period - Snap shot by Erik Haula.
15:38 of 2nd period - Stopped by Cayden Primeau without a rebound.
15:39 of 2nd period - Erik Haula wins face-off versus Danton Heinen in Vegas Golden Knights zone.
16:24 of 2nd period - Slapshot by Tyler Seguin.
16:24 of 2nd period - Shot Blocked by John Marino.
16:26 of 2nd period - Slapshot by Zach Parise.
16:26 of 2nd period - Goal by Zach Parise - Arizona Coyotes : 2 - Vegas Golden Knights : 0.
16:27 of 2nd period - Sean Couturier wins face-off versus Charlie Coyle in neutral zone.
16:52 of 2nd period - Marc-Edouard Vlasic is hit by Brayden McNabb and loses puck.
17:17 of 2nd period - Snap shot by Auston Matthews.
17:17 of 2nd period - Stopped by Petr Mrazek without a rebound.
17:18 of 2nd period - Bryan Rust wins face-off versus Mason McTavish in Arizona Coyotes zone.
17:21 of 2nd period - Slapshot by Bryan Rust.
17:21 of 2nd period - Goal by Bryan Rust - Arizona Coyotes : 2 - Vegas Golden Knights : 1.
17:22 of 2nd period - Sean Couturier wins face-off versus Charlie Coyle in neutral zone.
18:12 of 2nd period - Slapshot by Bryan Rust.
18:12 of 2nd period - Stopped by Petr Mrazek with a rebound.
18:14 of 2nd period - Snap shot by Reilly Smith.
18:14 of 2nd period - Shot Misses the Net.
18:20 of 2nd period - Snap shot by Bryan Rust.
18:20 of 2nd period - Shot Misses the Net.
18:34 of 2nd period - Slapshot by Roman Josi.
18:34 of 2nd period - Shot Misses the Net.
18:56 of 2nd period - Wrist shot by Tyler Bertuzzi.
18:56 of 2nd period - Shot Blocked by Ondrej Palat.
19:07 of 2nd period - Off-side.
19:08 of 2nd period - Auston Matthews wins face-off versus Charlie Coyle in neutral zone.
19:37 of 2nd period - Minor Penalty to Jani Hakanpaa for Roughing.
19:38 of 2nd period - Mats Zuccarello wins face-off versus Danton Heinen in Arizona Coyotes zone.
19:46 of 2nd period - Snap shot by Tyler Toffoli.
19:46 of 2nd period - Shot Misses the Net.
19:48 of 2nd period - Slapshot by John Marino.
19:48 of 2nd period - Shot Blocked by Johnathan Kovacevic.
19:50 of 2nd period - Wrist shot by John Marino.
19:50 of 2nd period - Stopped by Petr Mrazek without a rebound.
19:51 of 2nd period - Auston Matthews wins face-off versus Mats Zuccarello in Arizona Coyotes zone.
Goals for this period are 1 for Arizona Coyotes vs 1 for Vegas Golden Knights.
Shots for this period are 14 for Arizona Coyotes vs 9 for Vegas Golden Knights.
3rd period
0:01 of 3rd period - Mats Zuccarello wins face-off versus Auston Matthews in neutral zone.
0:06 of 3rd period - Bryan Rust is hit by Mats Zuccarello and loses puck.
0:13 of 3rd period - Slapshot by Ryan Graves.
0:13 of 3rd period - Stopped by Petr Mrazek with a rebound.
0:15 of 3rd period - Slapshot by Reilly Smith.
0:15 of 3rd period - Stopped by Petr Mrazek without a rebound.
0:16 of 3rd period - Charlie Coyle wins face-off versus Danton Heinen in Arizona Coyotes zone.
0:16 of 3rd period - Charlie Coyle is hit by Danton Heinen.
0:22 of 3rd period - Slapshot by Tyler Toffoli.
0:22 of 3rd period - Shot Misses the Net.
1:37 of 3rd period - Penalty to Jani Hakanpaa is over, Jani Hakanpaa is back on ice.
1:48 of 3rd period - Snap shot by Ross Colton.
1:48 of 3rd period - Shot Blocked by Curtis Lazar.
3:52 of 3rd period - Slapshot by Erik Haula.
3:52 of 3rd period - Shot Misses the Net.
5:08 of 3rd period - Slapshot by Sean Couturier.
5:08 of 3rd period - Goal by Sean Couturier - Arizona Coyotes : 2 - Vegas Golden Knights : 2.
5:09 of 3rd period - Tyler Toffoli wins face-off versus Erik Haula in neutral zone.
5:16 of 3rd period - Off-side.
5:17 of 3rd period - Tyler Seguin wins face-off versus Danton Heinen in neutral zone.
5:23 of 3rd period - Minor Penalty to Tyler Bertuzzi for Holding.
5:24 of 3rd period - Mason McTavish wins face-off versus Pierre-edouard Bellemare in Vegas Golden Knights zone.
5:25 of 3rd period - Snap shot by Erik Haula.
5:25 of 3rd period - Deflect By Mason McTavish.
5:25 of 3rd period - Shot Misses the Net.
5:25 of 3rd period - Puck is out of play.
5:26 of 3rd period - Pierre-edouard Bellemare wins face-off versus Mason McTavish in Vegas Golden Knights zone.
5:32 of 3rd period - Icing by Erik Haula.
5:33 of 3rd period - Sean Couturier wins face-off versus Mason McTavish in Arizona Coyotes zone.
5:48 of 3rd period - Snap shot by Erik Haula.
5:48 of 3rd period - Shot Misses the Net.
5:50 of 3rd period - Backhand shot by Brandon Tanev.
5:50 of 3rd period - Stopped by Cayden Primeau with a rebound.
5:52 of 3rd period - Slapshot by Jared Spurgeon.
5:52 of 3rd period - Shot Misses the Net.
5:54 of 3rd period - Slapshot by Jani Hakanpaa.
5:54 of 3rd period - Stopped by Cayden Primeau without a rebound.
5:55 of 3rd period - Charlie Coyle wins face-off versus Pierre-edouard Bellemare in Vegas Golden Knights zone.
6:00 of 3rd period - Slapshot by Mats Zuccarello.
6:00 of 3rd period - Shot Misses the Net.
6:02 of 3rd period - Slapshot by Charlie Coyle.
6:02 of 3rd period - Stopped by Cayden Primeau with a rebound.
6:08 of 3rd period - Snap shot by Charlie Coyle.
6:08 of 3rd period - Deflect By Mats Zuccarello.
6:08 of 3rd period - Shot Misses the Net.
6:08 of 3rd period - Puck is out of play.
6:09 of 3rd period - Sean Couturier wins face-off versus Brandon Tanev in Vegas Golden Knights zone.
7:23 of 3rd period - Penalty to Tyler Bertuzzi is over, Tyler Bertuzzi is back on ice.
7:39 of 3rd period - Snap shot by Ondrej Palat.
7:39 of 3rd period - Shot Misses the Net.
8:14 of 3rd period - Off-side.
8:15 of 3rd period - Charlie Coyle wins face-off versus Auston Matthews in neutral zone.
8:18 of 3rd period - Wrist shot by Mats Zuccarello.
8:18 of 3rd period - Shot Misses the Net.
8:42 of 3rd period - Tyler Toffoli is hit by Erik Haula and loses puck.
9:21 of 3rd period - Jakob Silfverberg is hit by Bryan Rust and loses puck.
10:07 of 3rd period - Brayden McNabb is hit by Tyler Bertuzzi and loses puck.
10:26 of 3rd period - Radko Gudas is hit by Roman Josi and loses puck.
10:45 of 3rd period - Erik Haula is hit by Curtis Lazar and loses puck.
11:00 of 3rd period - Snap shot by Tyler Toffoli.
11:00 of 3rd period - Shot Misses the Net.
12:18 of 3rd period - Charlie Coyle is hit by Curtis Lazar and loses puck.
12:30 of 3rd period - Travis Hamonic is hit by Mason McTavish and loses puck.
13:12 of 3rd period - Jared Spurgeon is hit by Travis Hamonic and loses puck.
13:23 of 3rd period - Snap shot by Charlie Coyle.
13:23 of 3rd period - Shot Misses the Net.
14:56 of 3rd period - Wrist shot by Mats Zuccarello.
14:56 of 3rd period - Stopped by Cayden Primeau without a rebound.
14:57 of 3rd period - Jordan Staal wins face-off versus Erik Haula in Vegas Golden Knights zone.
15:12 of 3rd period - Slapshot by Roman Josi.
15:12 of 3rd period - Stopped by Petr Mrazek without a rebound.
15:13 of 3rd period - Auston Matthews wins face-off versus Ross Colton in Arizona Coyotes zone.
15:18 of 3rd period - Snap shot by Reilly Smith.
15:18 of 3rd period - Stopped by Petr Mrazek with a rebound.
15:20 of 3rd period - Minor Penalty to Radko Gudas for Roughing.
15:21 of 3rd period - Auston Matthews wins face-off versus Jakob Silfverberg in Arizona Coyotes zone.
16:50 of 3rd period - Snap shot by Bryan Rust.
16:50 of 3rd period - Stopped by Petr Mrazek without a rebound.
16:51 of 3rd period - Mark Jankowski wins face-off versus Bryan Rust in Arizona Coyotes zone.
16:51 of 3rd period - Mark Jankowski is hit by Jordan Staal.
17:20 of 3rd period - Penalty to Radko Gudas is over, Radko Gudas is back on ice.
17:53 of 3rd period - Reilly Smith is hit by Tyler Seguin and loses puck.
19:44 of 3rd period - Ryan Graves is hit by Tyler Seguin and loses puck.
Goals for this period are 0 for Arizona Coyotes vs 1 for Vegas Golden Knights.
Shots for this period are 4 for Arizona Coyotes vs 6 for Vegas Golden Knights.
Overtime #1
0:01 of 1st overtime period - Auston Matthews wins face-off versus Charlie Coyle in neutral zone.
0:10 of 1st overtime period - Wrist shot by Bryan Rust.
0:10 of 1st overtime period - Shot Blocked by Jared Spurgeon.
0:12 of 1st overtime period - Wrist shot by Bryan Rust.
0:12 of 1st overtime period - Stopped by Petr Mrazek with a rebound.
0:29 of 1st overtime period - Off-side.
0:30 of 1st overtime period - Danton Heinen wins face-off versus Mats Zuccarello in neutral zone.
0:50 of 1st overtime period - Marc-Edouard Vlasic is hit by Brayden McNabb.
1:06 of 1st overtime period - Slapshot by Marc-Edouard Vlasic.
1:06 of 1st overtime period - Shot Misses the Net.
1:21 of 1st overtime period - Slapshot by Roman Josi.
1:21 of 1st overtime period - Shot Misses the Net.
1:56 of 1st overtime period - Wrist shot by Mason McTavish.
1:56 of 1st overtime period - Goal by Mason McTavish - Arizona Coyotes : 3 - Vegas Golden Knights : 2.
Goals for this period are 1 for Arizona Coyotes vs 0 for Vegas Golden Knights.
Shots for this period are 1 for Arizona Coyotes vs 1 for Vegas Golden Knights.
Back to the Top